 Dungeon Crawl Stone Soup version 0.31.0-11-ge490571c62 (webtiles) character file.

Game seed: 12727700967529213385

97 qw the Shooter (level 4, -7/25 HPs)
             Began as a Deep Elf Hunter on Feb 3, 2024.
             Killed from afar by an orc wizard (13 damage)
             ... with a puff of flame
             ... on level 2 of the Dungeon.
             The game lasted 00:00:06 (1343 turns).

qw the Shooter (Deep Elf Hunter)                    Turns: 1343, Time: 00:00:06

Health: -7/25      AC:  8    Str: 10    XL:     4   Next: 42%
Magic:  6/6        EV:  9    Int: 14    God:
Gold:   64         SH:  0    Dex: 18    Spells: 3/3 levels left

rFire   . . .        a - +0 shortbow
rCold   . . .        (shield currently unavailable)
rNeg    . . .        h - +0 scale mail
rPois   .            (no helmet)
rElec   .            (no cloak)
rCorr   .            (no gloves)
SInv    +            e - +1 pair of boots
Will    .....        (no amulet) Stlth
                     i - ring of see invisible
HPRegen 0.24/turn    (no ring)
MPRegen 0.10/turn

%: no passive effects
@: confused
A: no striking features
a: no special abilities


You were on level 2 of the Dungeon.
You visited 1 branch of the dungeon, and saw 2 of its levels.

You collected 64 gold pieces.


   Skills:
 - Level 1.5 Fighting
 + Level 7.8 Ranged Weapons
 - Level 2.4 Dodging
 - Level 1.2 Stealth


You had 3 spell levels left.
You didn't know any spells.
Your spell library was empty.

Inventory:

Hand Weapons
 a - a +0 shortbow (weapon)
Armour
 b - a +2 pair of gloves
 e - a +1 pair of boots (worn)
 h - a +0 scale mail (worn)
Jewellery
 i - a ring of see invisible (left hand)
Scrolls
 c - 2 scrolls of identify
 g - 2 scrolls of teleportation

Dungeon Overview and Level Annotations

Branches:
Dungeon (2/15)

Altars:
Cheibriados


Message History

The orc wizard hits you but does no damage.
The orc barely misses you.
You feel less confused. The orc wizard closely misses you.
The orc hits you with a +0 club.
You shoot an arrow. The arrow hits the orc wizard.
The orc wizard is moderately wounded.
The orc wizard points at you and mumbles some strange words.
The puff of flame misses you. The orc hits you but does no damage.
You shoot an arrow. The arrow hits the orc wizard.
The orc wizard is severely wounded.
The orc wizard closely misses you. The orc hits you but does no damage.
The orc wizard hits you with a +0 dagger.
The orc hits you but does no damage.
You shoot an arrow. The arrow hits the orc wizard.
The orc wizard is almost dead.
The orc wizard hits you but does no damage.
The orc hits you but does no damage.
You shoot an arrow.
The arrow closely misses the orc wizard.
The orc wizard points at you and mumbles some strange words.
You resist with some effort. The orc barely misses you.
You shoot an arrow.
The arrow hits the orc wizard but does no damage.
The orc wizard is almost dead.
The orc wizard hits you with a +0 dagger.
The orc hits you but does no damage.
The orc wizard gestures at you while chanting.
You are confused.
The orc barely misses you.
The orc wizard hits you but does no damage.
The orc hits you but does no damage.
The orc wizard hits you with a +0 dagger.
The orc barely misses you. The orc wizard barely misses you.
The orc barely misses you.
The orc wizard points at you and mumbles some strange words.
The puff of flame hits you. The orc hits you but does no damage.
The orc wizard gestures at you while chanting.
The puff of flame hits you!
Ouch! That really hurt!
You die...

..###.......###.#
............###.#
...............#
###.......###.####
#..............# .
.######..##.#####.##.#####..
.........##.# #.##.....r7
.######.###.# #.########..
#.###@## #.########..
#.##o)o####%#.........
##....#.....%#)######..
#.......####%)...####..
#.......####...........
#.......##.............
#<......##.#...#####.##
#.....#........#.#.#..#
##..###.#........[...##


You could see an orc wizard (invisible) and an orc.

Vanquished Creatures
  An orc priest (D:2)
  An adder (D:2)
  2 dart slugs (D:1)
  A ribbon worm (D:2)
  An orc (D:2)
  7 endoplasms
  2 giant cockroaches
  A goblin (D:2)
  2 hobgoblins
  4 jackals (D:2)
  5 kobolds
  5 quokkas
  4 ball pythons (D:1)
  2 bats (D:2)
  A frilled lizard (D:2)
  8 rats
47 creatures vanquished.

Notes
Turn   | Place    | Note
-------+----------+-------------------------------------------
     0 | D:1      | qw the Deep Elf Hunter began the quest for the Orb.
     0 | D:1      | Reached XP level 1. HP: 12/12 MP: 3/3
     0 | D:1      | 0 ||| qw: Version: 0.3-a-157-g843a77d
     0 | D:1      | 0 ||| qw: Game counter: 3671
     0 | D:1      | 0 ||| qw: Melee chars always use a shield: true
     0 | D:1      | 0 ||| qw: God list: Okawaru
     0 | D:1      | 0 ||| qw: Allow faded altars: false
     0 | D:1      | 0 ||| qw: Do Orc after clearing Dungeon:15 true
     0 | D:1      | 0 ||| qw: Do second Lair branch before Depths: true
     0 | D:1      | 0 ||| qw: Lair rune preference: random
     0 | D:1      | 0 ||| qw: Goals: Normal
     0 | D:1      | 0 ||| PLANNING D:1-11
   150 | D:1      | Reached skill level 6 in Ranged Weapons
   150 | D:1      | Reached XP level 2. HP: 16/16 MP: 4/4
   738 | D:1      | Reached XP level 3. HP: 20/20 MP: 5/5
   804 | D:1      | 804 ||| UPGRADING to +0 pair of boots.
   809 | D:1      | 809 ||| UPGRADING to +0 scale mail.
   819 | D:1      | 819 ||| DROPPING +0 leather armour.
   820 | D:1      | 820 ||| UPGRADING to ring of see invisible.
   821 | D:1      | 821 ||| READING 2 scrolls labelled FIPPAHO ZUALOE.
   821 | D:1      | 821 ||| IDENTIFYING emerald potion
   822 | D:1      | 822 ||| READING scroll of identify.
   822 | D:1      | 822 ||| IDENTIFYING scroll labelled ONUNIC CINN
   823 | D:1      | 823 ||| READING scroll labelled PUPHUU SAKOE.
   924 | D:1      | 924 ||| READING scroll labelled SOS DOAPOHUMYL.
   925 | D:1      | 925 ||| READING scroll labelled ADIWNA KIANENT.
   925 | D:1      | 925 ||| ENCHANTING +0 pair of boots.
   926 | D:1      | 926 ||| DROPPING scroll of butterflies.
   998 | D:2      | Found a snail-covered altar of Cheibriados.
  1123 | D:2      | Reached skill level 7 in Ranged Weapons
  1286 | D:2      | Reached XP level 4. HP: 17/25 MP: 6/6
  1289 | D:2      | 1289 ||| FLEEEEING.
  1292 | D:2      | 1292 ||| FLEEEEING.
  1293 | D:2      | 1293 ||| FLEEEEING.
  1294 | D:2      | 1294 ||| FLEEEEING.
  1295 | D:2      | 1295 ||| FLEEEEING.
  1298 | D:2      | 1298 ||| FLEEEEING.
  1299 | D:2      | 1299 ||| FLEEEEING.
  1301 | D:2      | 1301 ||| FLEEEEING.
  1302 | D:2      | 1302 ||| FLEEEEING.
  1303 | D:2      | 1303 ||| FLEEEEING.
  1304 | D:2      | 1304 ||| FLEEEEING.
  1305 | D:2      | 1305 ||| FLEEEEING.
  1306 | D:2      | 1306 ||| FLEEEEING.
  1307 | D:2      | 1307 ||| FLEEEEING.
  1308 | D:2      | 1308 ||| FLEEEEING.
  1309 | D:2      | 1309 ||| FLEEEEING.
  1322 | D:2      | 1322 ||| DRINKING 2 potions of curing.
  1322 | D:2      | 1322 ||| (to cure confusion)
  1324 | D:2      | 1324 ||| DRINKING potion of curing.
  1324 | D:2      | 1324 ||| (to cure confusion)
  1342 | D:2      | HP: 6/25 [orc wizard/puff of flame (5)]
  1343 | D:2      | Killed from afar by an orc wizard

Levels and vault maps discovered:
D:1:      minmay_arrival_loop, layout_basic
D:2:      layout_loops_ring, hellmonk_ecumenical_altar_arch_garden, basic_altar,
          minmay_octomino_e4

Skill      XL: |  1  2  3 |
---------------+----------+-----
Ranged Weapons | 6 7 |  7.8
Fighting       | |  1.5
Dodging        | |  2.4
Stealth        | |  1.2

Action                     |  1- 3 |  4- 6 || total
---------------------------+-------+-------++-------
   Fire: Shortbow          |   137 |    20 ||   157
    Use: Scroll            |     5 |       ||     5
         Potion            |       |     2 ||     2
 Armour: Leather armour    |     8 |       ||     8
         Scale mail        |    45 |    40 ||    85
  Dodge: Dodged            |    51 |    19 ||    70

Table legend:
 A = Non-vault XP
 B = Vault XP
 C = Vault XP percentage of total XP
 D = Non-vault monster count
 E = Vault monster count
 F = Vault count percentage of total count
                 A         B        C        D         E       F
            +---------+---------+-------+---------+---------+-------
      Total |     136 |       3 |   2.2 |      45 |       2 |   4.3
            +---------+---------+-------+---------+---------+-------
        D:1 |      45 |       0 |   0.0 |      25 |       0 |   0.0
        D:2 |      91 |       3 |   3.2 |      20 |       2 |   9.1
            +---------+---------+-------+---------+---------+-------
